 Dungeon Crawl Stone Soup version 0.29-a0-371-g91724d5b39 (webtiles) character file.

Game seed: 1756578747646991643

53 oldriver the Skirmisher (level 3, -3/32 HPs)
             Began as a Palentonga Abyssal Knight on May 3, 2022.
             Was a Believer of Lugonu.
             Slain by a gnoll
             ... wielding a +0 whip
              (7 damage)
             ... on level 2 of the Dungeon.
             The game lasted 00:01:07 (1179 turns).

oldriver the Skirmisher (Palentonga Abyssal Knight) Turns: 1179, Time: 00:01:08

Health: -3/32      AC:  4    Str: 18    XL:     3   Next: 62%
Magic:  4/4        EV:  9    Int: 10    God:    Lugonu [**....]
Gold:   40         SH:  0    Dex: 10    Spells: 2/2 levels left

rFire   + . .      SeeInvis +   a - +1 hand axe
rCold   + . .      Faith    .   (no shield)
rNeg    . . .      Spirit   .   b - +0 leather armour
rPois   +          Reflect  .   (no helmet)
rElec   +          Harm     .   (no cloak)
rCorr   +          Rampage  .   (no gloves)
Will    .....                   (no barding)
Stlth   +.........              (no amulet)
HPRegen 0.10/turn               (no ring)
MPRegen 0.09/turn               (no ring)

@: resistant
A: large, rugged brown scales 3, see invisible, deformed body, roll 1, armoured
tail
a: Rolling Charge, Renounce Religion, Depart the Abyss, Bend Space


You were on level 2 of the Dungeon.
You worshipped Lugonu.
Lugonu was pleased with you.
You visited 1 branch of the dungeon, and saw 2 of its levels.
You visited the Abyss 1 time.

You collected 40 gold pieces.

Inventory:

Hand Weapons
 a - a +1 hand axe (weapon)
Armour
 b - a +0 leather armour (worn)
Scrolls
 d - a scroll of fog {unknown}
 f - a scroll of brand weapon {unknown}
 h - a scroll of teleportation {unknown}


   Skills:
 + Level 3.9 Fighting
 + Level 3.1 Axes
 - Level 1.5 Armour
 - Level 0.7 Dodging
 - Level 2.0 Invocations


You had 2 spell levels left.
You didn't know any spells.
Your spell library contained the following spells:

 Spells                   Type           Power      Damage    Failure   Level
 Conjure Flame            Conj/Fire      0%         6-21      80%         3
 Ignite Poison            Fire/Tmut/Pois 0%         N/A       80%         3
 Sticky Flame             Conj/Fire      0%         2d3       99%         4


Dungeon Overview and Level Annotations

Branches:
Dungeon (2/15)

Altars:


Innate Abilities, Weirdness & Mutations

You are completely covered in rugged brown scales. (AC +3, +7% HP)
You have supernaturally acute eyesight. (SInv)
Armour fits poorly on your strangely shaped body.
You can roll at nearby foes to attack.
You have a long armoured tail.


Message History

You slash the gnoll!
You kill the gnoll!
Lugonu accepts your kill.
You hit the ball python.
You kill the ball python!
Lugonu accepts your kill.
You cannot move.
You barely miss the frilled lizard.
The frilled lizard bites you but does no damage.
You barely miss the frilled lizard.
The frilled lizard bites you but does no damage. x2
You hit the frilled lizard.
You kill the frilled lizard!
Lugonu accepts your kill.
You completely miss the gnoll. The gnoll hits you but does no damage.
You hit the gnoll.
The gnoll is moderately wounded.
The gnoll hits you but does no damage.
You barely miss the gnoll.
The gnoll is moderately wounded.
You feel less wooden.
Your +0 leather armour unmelds from your body.
The gnoll misses you.
You hit the gnoll.
The gnoll is severely wounded.
The gnoll closely misses you.
You completely miss the gnoll.
The gnoll is severely wounded.
The gnoll closely misses you.
You barely miss the gnoll.
The gnoll is severely wounded.
The gnoll hits you with a +0 whip.
You closely miss the gnoll.
The gnoll is severely wounded.
The gnoll hits you with a +0 whip. The gnoll hits you with a +0 whip!
* * * LOW HITPOINT WARNING * * *
You closely miss the gnoll.
The gnoll is severely wounded.
The gnoll hits you with a +0 whip!
You die...

#...........
#...#.######
##.##.......
#.######### #.#
#.# ##. ######.#
#....####...##.#
......g@†.†.##.#
.....###)......#
.#.#.....#.#####
#######.## ...#
##..# #..# #
#..# # #..# #


You could see a gnoll.

Vanquished Creatures
  2 gnolls (D:2)
  3 endoplasms (D:2)
  2 giant cockroaches
  5 goblins
  3 hobgoblins
  A kobold (D:1)
  4 quokkas
  3 ball pythons
  3 bats (D:1)
  A frilled lizard (D:2)
  3 rats
30 creatures vanquished.

Vanquished Creatures (others)
  9 plants (D:1)
  5 toadstools (D:1)
14 creatures vanquished.

Grand Total: 44 creatures vanquished

Notes
Turn   | Place    | Note
-------+----------+-------------------------------------------
     0 | Abyss:1  | oldriver the Palentonga Abyssal Knight began the quest for
                  | the Orb.
     0 | Abyss:1  | Reached XP level 1. HP: 19/19 MP: 2/2
    14 | D:1      | Escaped the Abyss
   124 | D:1      | Reached ** piety under Lugonu
   214 | D:1      | Reached XP level 2. HP: 9/25 MP: 3/3
  1159 | D:2      | Reached XP level 3. HP: 31/31 MP: 4/4
  1179 | D:2      | Slain by a gnoll

Illustrated notes

Levels and vault maps discovered:
D:1:      ldierk_walled_garden, layout_loops_cross, serial_bayou_lake_a
D:2:      layout_loops_ring, chequers_serial_rivers_room_a, minmay_tromino_i2

Skill      XL: |  1  2  3 |
---------------+----------+-----
Axes           | 3 |  3.1
Fighting       | |  3.9
Armour         | |  1.5
Dodging        | |  0.7
Invocations    | |  2.0

Action                   || total
-------------------------++-------
Melee: Hand axe          ||    83
       Tailslap          ||     6
Invok: Depart the Abyss  ||     1
 Abil: Rolling Charge    ||    13
  Use: Potion            ||     3
Armor: Leather armour    ||    16
       Skin              ||    23
Dodge: Dodged            ||    44

Table legend: (Time is in decaauts)
 A = Elapsed time spent in this place.
 B = Non-inter-level travel time spent in this place.
 C = Inter-level travel time spent in this place.
 D = Time resting spent in this place.
 E = Time spent auto-exploring this place.
 F = Levels seen in this place.
 G = Mean time per level.
                   A        B        C        D        E       F      G
               +--------+--------+--------+--------+--------+-----+--------+
         Total |   1218 |   1203 |     15 |    190 |    827 |   3 |  406.0 |
       Dungeon |   1204 |   1189 |     15 |    190 |    827 |   2 |  602.0 |
         Abyss |     14 |     14 |      0 |      0 |      0 |   1 |   14.0 |
               +--------+--------+--------+--------+--------+-----+--------+

Top non-repeatable levels by time:
     D:1: 947 daAuts
     D:2: 257 daAuts
 Abyss:1: 14 daAuts
